 Dungeon Crawl Stone Soup version 0.16-a0-3939-g9a3e665 (console) character file.

240 Monkaria the Chopper (level 6, -6/56 HPs)
             Began as a Hill Orc Fighter on Feb 6, 2015.
             Mangled by an ogre
             ... wielding a +0 giant spiked club
              (25 damage)
             ... on level 4 of the Dungeon.
             The game lasted 00:04:25 (2933 turns).

Monkaria the Chopper (Hill Orc Fighter)             Turns: 2933, Time: 00:04:25

Health: -6/56      AC:  6    Str: 21    XL:     6   Next: 8%
Magic:  6/6        EV:  7    Int:  8    God:
Gold:   168        SH:  9    Dex: 10    Spells: 0 memorised, 5 levels left

rFire  . . .     SeeInvis .     a - +0 war axe
rCold  . . .     Clarity  .     b - +0 scale mail
rNeg   . . .     SustAb   .     c - +0 shield
rPois  .         Gourm    .     (no helmet)
rElec  .         Spirit   .     (no cloak)
rCorr  .         Warding  .     (no gloves)
rMut   .         Stasis   .     (no boots)
MR     .....                    (no amulet)
Stlth  ..........               (no ring)
                                (no ring)

@: not resistant to hostile enchantments, extremely unstealthy
A: no striking features
a: no special abilities


You were on level 4 of the Dungeon.
You were not hungry.

You visited 1 branch of the dungeon, and saw 4 of its levels.

You collected 168 gold pieces.

Inventory:

Hand weapons
 a - a +0 war axe (weapon)
Armour
 b - a +0 scale mail (worn)
 c - a +0 shield (worn)
Magical staves
 u - an uncursed staff of fire {unknown}
Scrolls
 f - 3 scrolls of identify {unknown}
 g - a scroll of blinking {unknown}
 i - a scroll of magic mapping {unknown}
 j - 2 scrolls of enchant weapon {unknown}
 k - a scroll of random uselessness {unknown}
 m - a scroll of teleportation {unknown}
 o - 2 scrolls of remove curse {unknown}
Potions
 e - a potion of might
 h - a potion of resistance {unknown}
 n - a potion of curing {unknown}
 q - a potion of restore abilities {unknown}
 r - a potion of heal wounds {unknown}
 t - a potion of mutation {unknown}
Comestibles
 d - a meat ration
 l - 2 bread rations
 s - a beef jerky


   Skills:
 - Level 5.0 Fighting
 * Level 7.1 Axes
 - Level 3.2 Armour
 - Level 3.2 Shields


You had 5 spell levels left.
You didn't know any spells.

Dungeon Overview and Level Annotations

Branches:
Dungeon (4/15)
 Temple: D:4-7

Altars:


Message History

The ogre is heavily wounded.
The ogre barely misses you.
You hit the ogre but do no damage.
The ogre is heavily wounded.
The ogre hits you with a giant spiked club!
You barely miss the ogre.
The ogre is heavily wounded.
You barely miss the ogre.
The ogre is heavily wounded.
You block the ogre's attack.
You hit the ogre.
The ogre is heavily wounded.
You block the ogre's attack.
You hit the ogre.
The ogre is severely wounded.
You block the ogre's attack.
You slash the ogre!
The ogre is almost dead.
The ogre hits you with a giant spiked club!!
You die...

#.)........
#..[.......
##...........
##...÷........
#...........$#
#..............
##........##.#
##......##
#...@.## #.#
#...O## #.#
#....# #.#
#.##.#
#.#####÷##.#
#.##.......#
#.##.......##.
#.##...>.......
#.##....<......


You could see an ogre.

Vanquished Creatures
  A hound skeleton (D:4)
  9 adders
  4 gnolls
  3 giant mites
  3 worms
  4 giant geckos
  An ooze (D:1)
  2 orcs (D:3)
  2 ball pythons (D:3)
  10 bats
  A giant cockroach (D:2)
  2 goblins (D:1)
  4 hobgoblins
  8 jackals
  13 kobolds
  6 giant newts
  3 quokkas
  9 rats
85 creatures vanquished.

Notes
Turn   | Place    | Note
--------------------------------------------------------------
     0 | D:1      | Monkaria, the Hill Orc Fighter, began the quest for the Orb.
     0 | D:1      | Reached XP level 1. HP: 19/19 MP: 1/1
   115 | D:1      | Reached XP level 2. HP: 22/27 MP: 2/2
   285 | D:1      | Reached skill level 4 in Fighting
   614 | D:1      | Reached XP level 3. HP: 33/33 MP: 3/3
  1207 | D:2      | Reached XP level 4. HP: 36/41 MP: 4/4
  1533 | D:2      | Reached skill level 5 in Axes
  2068 | D:2      | Reached XP level 5. HP: 42/47 MP: 5/5
  2104 | D:2      | Reached skill level 5 in Fighting
  2223 | D:3      | Reached skill level 6 in Axes
  2709 | D:4      | Reached skill level 7 in Axes
  2709 | D:4      | Reached XP level 6. HP: 28/56 MP: 6/6
  2730 | D:4      | Noticed an ogre
  2933 | D:4      | Mangled by an ogre

Action                   |  1- 3 |  4- 6 || total
-------------------------+-------+-------++-------
Melee: War axe           |   109 |   189 ||   298
  Eat: Chunk             |     1 |     6 ||     7
